 Dungeon Crawl Stone Soup version 0.28-a0-909-g796cbd3a86 (webtiles) character file.

Game seed: 11538967113374878625

28 croobank the Sneak (level 2, 0/14 HPs)
             Began as a Felid Delver on Nov 25, 2021.
             Succumbed to an adder's poison
             ... on level 5 of the Dungeon.
             The game lasted 00:03:09 (436 turns).

croobank the Sneak (Felid Delver)                    Turns: 436, Time: 00:03:10

Health: 0/14       AC:  1    Str:  8    XL:     2   Next: 96%
Magic:  3/3        EV: 17    Int: 11    God:
Gold:   26         SH:  0    Dex: 17    Spells: 1/1 levels left
                                        Lives:  0   Deaths: 0

rFire   . . .      SeeInvis +     - Unarmed
rCold   . . .      Faith    .   (shield unavailable)
rNeg    . . .      Spirit   .   (armour unavailable)
rPois   .          Reflect  .   (helmet unavailable)
rElec   .          Harm     .   (cloak unavailable)
rCorr   .          Rampage  .   (gloves unavailable)
Will    .....                   (boots unavailable)
Stlth   ++++......              (no amulet)
HPRegen 0.04/turn               (no ring)
MPRegen 0.08/turn               (no ring)

@: lethally poisoned (0 -> -2), hasted, very quick
A: very small, claws 1, fangs 3, see invisible, speed 1, shaggy fur 1, stealthy
paws, no weapons or thrown items, no armour, multi-lived
a: no special abilities


You were on level 5 of the Dungeon.
You visited 1 branch of the dungeon, and saw 1 of its levels.

You collected 26 gold pieces.

Inventory:

Wands
 e - a wand of digging (2)
Scrolls
 a - a scroll of fog
 b - a scroll of silence {unknown}
 c - 2 scrolls of fear


   Skills:
 + Level 3.1 Fighting
 + Level 2.8 Dodging
 + Level 7.5 Stealth
 + Level 2.2 Unarmed Combat


You had one spell level left.
You didn't know any spells.
Your spell library was empty.

Dungeon Overview and Level Annotations

Branches:
Dungeon (5/15)
 Temple: D:4-7

Altars:


Innate Abilities, Weirdness & Mutations

You have sharp claws.
You have razor-sharp teeth.
You have supernaturally acute eyesight. (SInv)
You cover ground quickly. (Speed+)
You are covered in fur. (AC +1)
Your paws help you pounce on unaware monsters.
You are incapable of wielding weapons or throwing items.
You cannot wear armour.
You gain extra lives every three experience levels.


Message History

Found 10 gold pieces.
Found 16 gold pieces.
You now have 10 gold pieces.
Found 16 stones.
You now have 26 gold pieces (gained 16).
Found 22 bolts.
A scorpion comes into view.
Found 14 gold pieces.
A jackal comes into view.
You don't know any spells.
Aiming: Dig
Press: ? - help, Shift-Dir - straight line A rock wall.
The rock shatters into small pieces.
The jackal barks! x2; You hear an angry buzzing noise. x3; You hear a bark!
You feel yourself speed up.
An adder comes into view.
A jackal and a killer bee come into view.
The killer bee buzzes angrily.
The jackal barks!
The adder hisses angrily.
The jackal bites you. The jackal barely misses you.
Found a stone staircase leading up.
The adder bites you.
* * * LOW HITPOINT WARNING * * *
You are lethally poisoned!
The adder poisons you!
You scratch the adder but do no damage.
* * * LOW HITPOINT WARNING * * *
You feel sick.
You miss the adder.
* * * LOW HITPOINT WARNING * * *
You feel sick. The adder closely misses you.
An orc comes into view.
It is wielding a +0 mace and quivering poisoned darts.
You miss the adder. The jackal misses you. The adder barely misses you.
The jackal closely misses you.
You scratch the adder but do no damage.
* * * LOW HITPOINT WARNING * * *
You feel sick. The jackal misses you. The adder closely misses you.
The jackal completely misses you. The adder barely misses you.
You die...

******,*,,,,,,***###........#
,,,,,,,,,.,,,,+,,..#.......##
*,,,,,,,,..,,,####.#.#######
*,,,,,,,,...,,+..#.#.#
#########
*,,,,,,,,....,*#.#.#.#
#...#..+.
*,,,,,*,,.....+#.#h#.#
###...##.
*,,,,,*,,<....oShhy..#
#.##..#..
*,,,,,*,,.....##.#y#.#
#....##..
*,,,,,*,,...,,+#@#.#.#
###..#...
*****,*,,.,,,,*#+#y#.#
*,#.##... *,*,,,,,,,,,,y.#.#
*,.s#...# *,*,,,,,,,,,,.h..#
*#.##...# *,*,,,,,,,,,.....#
*..#...##
*,*..............#**#.##...#.
*,*#....<....#**,,,,#.#...##.
*,*#...y.....# ****,*##...#..
*,*#.........# *,,,,*#...##.#


You could see an adder and 3 jackals.

Vanquished Creatures
  A hound zombie (D:5)
  An adder (D:5)
  A worm (D:5)
3 creatures vanquished.

Notes
Turn   | Place    | Note
-------+----------+-------------------------------------------
     0 | D:5      | croobank the Felid Delver began the quest for the Orb.
     0 | D:5      | Reached XP level 1. HP: 10/10 MP: 2/2
    90 | D:5      | Noticed a scorpion
   132 | D:5      | Reached skill level 7 in Stealth
   132 | D:5      | Reached XP level 2. HP: 14/14 MP: 3/3
   233 | D:5      | Noticed an ogre
   235 | D:5      | Noticed a killer bee
   235 | D:5      | Noticed a killer bee
   402 | D:5      | Noticed a scorpion
   427 | D:5      | Noticed a killer bee
   436 | D:5      | Succumbed to an adder's poison

Illustrated notes

Levels and vault maps discovered:
D:5:      minmay_razor_zed, layout_basic, uniq_blork_the_orc

Skill      XL: |  1 |
---------------+----+-----
Stealth        | 7 |  7.5
Fighting       | |  3.1
Dodging        | |  2.8
Unarmed Combat | |  2.2

Action                   || total
-------------------------++-------
Melee: Unarmed           ||    25
       Bite              ||     3
Evoke: Wand              ||     1
  Use: Scroll            ||     1
       Potion            ||     1
 Stab: Sleeping          ||     1
Armor: Skin              ||     1
Dodge: Dodged            ||    23

Table legend: (Time is in decaauts)
 A = Elapsed time spent in this place.
 B = Non-inter-level travel time spent in this place.
 C = Inter-level travel time spent in this place.
 D = Time resting spent in this place.
 E = Time spent auto-exploring this place.
 F = Levels seen in this place.
 G = Mean time per level.
                   A        B        C        D        E       F      G
               +--------+--------+--------+--------+--------+-----+--------+
         Total |    369 |    369 |      0 |     84 |     73 |   1 |  369.0 |
       Dungeon |    369 |    369 |      0 |     84 |     73 |   1 |  369.0 |
               +--------+--------+--------+--------+--------+-----+--------+

Top non-repeatable levels by time:
     D:5: 369 daAuts
